Demolitions vs Punishers
(R2)
Created - November 13, 2019 at 19:55
Goals
|
| Demolitions |
0 |
2 |
1 |
1 |
4 |
| Punishers |
1 |
2 |
0 |
0 |
3 |
|
Shots
|
| Demolitions |
6 |
16 |
13 |
2 |
37 |
| Punishers |
12 |
11 |
2 |
1 |
26 |
|
1st period
1. Punishers , Robbie Earl 11 (Miikka Salomaki 7, Zack Hamill 14) at 8:41
Penalties :
Jake Muzzin (Vic) for Tripping (Minor) at 2:00, Spencer Machacek (Vic) for Diving (Minor) at 5:40, Phil Di Giuseppe (Vic) for High sticking (Minor) at 11:46, Nick Shore (Vic) for Diving (Minor) at 17:10
2nd period
2. Demolitions , Phil McRae 2 (Jared Staal 2, Phil Di Giuseppe 4) at 3:14
3. Punishers , Andreas Athanasiou 3 (Carter Ashton 4) at 3:45
4. Demolitions , Spencer Machacek 10 (Jake Muzzin 6, Nikita Tryamkin 4) at 9:27
5. Punishers , Madison Bowey 1 (Dylan DeMelo 4, Carter Ashton 5) at 12:48 (PP)
Penalties :
Miikka Salomaki (Pro) for Unsportsmanlike conduct (Minor) at 1:03, Nick Shore (Vic) for High sticking (Minor) at 5:16, Spencer Machacek (Vic) for Roughing (Minor) at 5:38, Cameron Schilling (Vic) for Close Hand On Puck (Minor) at 10:54, Austen Brassard (Pro) for Interference (Minor) at 12:49, Jake Muzzin (Vic) for Hooking (Minor) at 17:42
3rd period
6. Demolitions , J.T. Brown 7 (Colton Gillies 11) at 0:41 (PP)
Penalties :
Robbie Earl (Pro) for Elbowing (Minor) at 0:07, Spencer Machacek (Vic) for Holding (Minor) at 10:31
Overtime #1
7. Demolitions , Cameron Schilling 3 (Darren Helm 8, Spencer Machacek 11) at 0:56
Penalties :
No Penalty
Goalie Stats
Brandon Halverson (Vic), 23 saves from 26 shots - (0.885), W, 3-1-0, 60:56 minutes
Louis Domingue (Pro), 33 saves from 37 shots - (0.892), OTL, 4-4-1, 60:56 minutes
Players Stats for Demolitions
Player Name G A P +/- PIM S H SB GA TA FO MP PP MP PK MP
------------------------------------------------------------------------------------
Alex Hutchings 0 0 0 0 0 2 0 2 0 0 0/0 8:01 0:00 1:50
Andrej Nestrasil 0 0 0 1 0 1 2 0 0 1 17/36 19:37 2:25 1:03
Cameron Schilling 1 0 1 -1 2 2 5 2 0 3 0/0 29:42 2:54 7:51
Colton Gillies 0 1 1 -2 0 2 0 0 0 0 2/7 11:40 2:00 0:00
Darren Helm 0 1 1 2 0 7 5 2 0 1 0/1 27:09 2:32 7:12
J.T. Brown 1 0 1 -2 0 2 1 1 0 0 1/3 17:14 2:00 4:46
Jake Muzzin 0 1 1 1 4 2 1 0 0 1 0/0 19:38 1:38 5:16
Jared Staal 0 1 1 1 0 1 0 0 0 1 0/0 5:46 0:00 0:00
Jonathan Blum 0 0 0 -1 0 4 5 2 0 1 0/0 30:40 2:54 9:05
Lane MacDermid 0 0 0 -2 0 0 3 0 1 0 0/0 17:07 2:00 4:55
Michael Prapavessis 0 0 0 0 0 0 0 0 0 0 0/0 2:44 0:00 1:18
Mitch Callahan 0 0 0 0 0 2 1 0 0 0 0/1 5:50 0:00 0:00
Nick Shore 0 0 0 0 4 1 0 0 0 0 3/4 7:04 0:07 0:41
Nikita Tryamkin 0 1 1 1 0 1 1 2 0 0 0/0 20:28 1:38 6:25
Phil Di Giuseppe 0 1 1 1 2 2 0 0 0 1 4/8 12:04 0:00 4:34
Phil McRae 1 0 1 1 0 3 1 0 0 0 3/4 6:34 0:07 0:00
Robert Bortuzzo 0 0 0 1 0 1 1 0 0 1 0/0 8:16 0:00 0:00
Spencer Machacek 1 1 2 2 6 4 3 1 1 0 4/15 25:33 2:25 5:39
Taylor Aronson 0 0 0 1 0 0 0 1 0 0 0/0 10:42 0:00 2:23
Players Stats for Punishers
Player Name G A P +/- PIM S H SB GA TA FO MP PP MP PK MP
------------------------------------------------------------------------------------
Alex Schoenborn 0 0 0 0 0 0 0 0 0 0 0/1 0:46 0:28 0:00
Andreas Athanasiou 1 0 1 1 0 2 1 2 0 0 5/13 18:42 7:00 1:19
Austen Brassard 0 0 0 -1 2 0 3 0 0 0 0/0 9:35 0:00 0:00
Ben Betker 0 0 0 -1 0 0 0 2 0 0 0/0 8:24 0:00 0:00
Carter Ashton 0 2 2 1 0 2 2 0 1 0 0/0 17:23 7:00 0:00
Daniel Audette 0 0 0 -1 0 1 0 0 0 0 2/5 6:12 0:00 0:00
Dylan DeMelo 0 1 1 1 0 3 3 2 0 1 0/0 22:23 5:40 1:30
John Macfarland 0 0 0 -1 0 0 0 0 0 0 0/0 7:02 0:00 0:50
John Quenneville 0 0 0 -1 0 0 1 0 0 0 3/5 10:46 0:00 1:10
Jordan Schmaltz 0 0 0 -2 0 2 1 4 1 0 0/0 32:02 10:29 3:02
Madison Bowey 1 0 1 2 0 3 0 1 0 0 0/0 23:50 5:40 1:30
Michael Joly 0 0 0 -1 0 0 0 0 0 0 0/0 7:14 0:22 0:00
Miikka Salomaki 0 1 1 1 2 2 2 0 1 0 2/4 22:23 8:41 0:35
Nikita Gusev 0 0 0 -1 0 2 1 0 1 0 0/1 9:58 0:22 0:00
Robbie Earl 1 0 1 0 2 3 2 0 1 0 2/3 25:08 8:47 2:18
Slava Voynov 0 0 0 -2 0 1 3 7 2 0 0/0 34:15 10:29 3:02
Tyler Bertuzzi 0 0 0 1 0 0 5 0 1 0 0/0 17:23 7:00 0:00
Zack Hamill 0 1 1 0 0 5 0 0 2 1 31/47 25:43 8:47 2:52
3 Stars
1 - Darren Helm (Vic)
2 - Phil McRae (Vic)
3 - Madison Bowey (Pro)
Power Play
Demolitions - 1 on 3 Attempt(s) - 33.33%
Punishers - 1 on 9 Attempt(s) - 11.11%
Penalty Kill
Demolitions - 8 on 9 Attempt(s) - 88.89%
- Score 0 goal in Penalty Kill
Punishers - 2 on 3 Attempt(s) - 66.67%
- Score 0 goal in Penalty Kill
Team Stat
Demolitions - Hits : 29 - Faceoff Wins : 34 - Blocked Shots : 13 - Penalty Minutes : 18
Punishers - Hits : 24 - Faceoff Wins : 45 - Blocked Shots : 18 - Penalty Minutes : 6
Official
Referees : Unknown
Linesman : Unknown
Game Notes
No Game Note
Finance
Level 1 -- Attendance: 1379 (68.95%) -- Ticket Income $55,160
Level 2 -- Attendance: 807 (80.70%) -- Ticket Income $16,140
Total Attendance: 2186 (72.87%)
Total Ticket Income: $71,300
Other Income: $3,565
Total Income: $74,865
Demolitions
5 vs 5 Forward
Center Left Wing Right Wing Time % Phy DF OF
1 Andrej Nestrasil Darren Helm Spencer Machacek 50 0 0 5
2 Colton Gillies Lane MacDermid J.T. Brown 33 0 0 5
3 Phil McRae Phil Di Giuseppe Jared Staal 12 1 2 2
4 Nick Shore Alex Hutchings Mitch Callahan 5 1 2 2
5 vs 5 Defense
Defense Defense Time % Phy DF OF
1 Cameron Schilling Jonathan Blum 40 1 2 2
2 Jake Muzzin Nikita Tryamkin 30 1 2 2
3 Robert Bortuzzo Taylor Aronson 20 1 2 2
4 Michael Prapavessis Cameron Schilling 10 1 2 2
PowerPlay Forward
Center Left Wing Right Wing Time % Phy DF OF
1 Andrej Nestrasil Darren Helm Spencer Machacek 60 1 2 2
2 Colton Gillies Lane MacDermid J.T. Brown 40 1 2 2
PowerPlay Defense
Defense Defense Time % Phy DF OF
1 Cameron Schilling Jonathan Blum 60 1 2 2
2 Jake Muzzin Nikita Tryamkin 40 1 2 2
Penalty Kill 4 Players Forward
Center Wing Time % Phy DF OF
1 Spencer Machacek Darren Helm 60 1 2 2
2 J.T. Brown Lane MacDermid 40 1 2 2
Penalty Kill 4 Players Defense
Defense Defense Time % Phy DF OF
1 Cameron Schilling Jonathan Blum 60 1 2 2
2 Jake Muzzin Nikita Tryamkin 40 1 2 2
Penalty Kill - 3 Players Forward
Forward Time % Phy DF OF
1 Spencer Machacek 60 1 2 2
2 Darren Helm 40 1 2 2
Penalty Kill - 3 Players Defense
Defense Defense Time % Phy DF OF
1 Cameron Schilling Jonathan Blum 60 1 2 2
2 Jake Muzzin Nikita Tryamkin 40 1 2 2
4 vs 4 Forward
Center Wing Time % Phy DF OF
1 Spencer Machacek Darren Helm 60 1 2 2
2 J.T. Brown Lane MacDermid 40 1 2 2
4 vs 4 Defense
Defense Defense Time % Phy DF OF
1 Cameron Schilling Jonathan Blum 60 1 2 2
2 Jake Muzzin Nikita Tryamkin 40 1 2 2
Last Minutes Offensive
Center Left Wing Right Wing Defense Defense
Andrej Nestrasil Darren Helm Spencer Machacek Cameron Schilling Jonathan Blum
Last Minutes Defensive
Center Left Wing Right Wing Defense Defense
Andrej Nestrasil Darren Helm Spencer Machacek Cameron Schilling Jonathan Blum
Goaltenders
Starting : Brandon Halverson
Backup : Antti Raanta
Extra Forwards
Normal : Phil McRae, Nick Shore, Phil Di Giuseppe - PP : Phil McRae, Nick Shore - PK : Phil Di Giuseppe
Extra Defensemen
Normal : Robert Bortuzzo, Taylor Aronson, Michael Prapavessis - PP : Robert Bortuzzo - PK : Taylor Aronson, Michael Prapavessis
Penalty Shots
Spencer Machacek, Darren Helm, J.T. Brown, Lane MacDermid, Andrej Nestrasil
Scratches
Ryan Olsen (Healthy), Thomas DiPauli (Healthy), Taylor Leier (Healthy), Daultan Leveillé (Lacerated Left Calf Injury), Colton Sceviour (Healthy)
Aaron Palushaj (Healthy), Michael Bunting (Healthy), Nick Pryor (Healthy), Jaedon Descheneau (Healthy), Jake Paterson (Healthy)
Francois Tremblay (Healthy)
Punishers
5 vs 5 Forward
Center Left Wing Right Wing Time % Phy DF OF
1 Zack Hamill Robbie Earl Miikka Salomaki 40 1 2 2
2 Andreas Athanasiou Tyler Bertuzzi Carter Ashton 30 1 2 2
3 John Quenneville Nikita Gusev Austen Brassard 20 1 2 2
4 Daniel Audette John Macfarland Michael Joly 10 1 2 2
5 vs 5 Defense
Defense Defense Time % Phy DF OF
1 Slava Voynov Jordan Schmaltz 40 1 2 2
2 Madison Bowey Dylan DeMelo 30 1 2 2
3 Ben Betker Slava Voynov 20 1 2 2
4 Jordan Schmaltz Madison Bowey 10 1 2 2
PowerPlay Forward
Center Left Wing Right Wing Time % Phy DF OF
1 Zack Hamill Robbie Earl Miikka Salomaki 60 1 2 2
2 Andreas Athanasiou Tyler Bertuzzi Carter Ashton 40 1 2 2
PowerPlay Defense
Defense Defense Time % Phy DF OF
1 Slava Voynov Jordan Schmaltz 60 1 2 2
2 Madison Bowey Dylan DeMelo 40 1 2 2
Penalty Kill 4 Players Forward
Center Wing Time % Phy DF OF
1 Zack Hamill Robbie Earl 60 1 2 2
2 Miikka Salomaki Andreas Athanasiou 40 1 2 2
Penalty Kill 4 Players Defense
Defense Defense Time % Phy DF OF
1 Slava Voynov Jordan Schmaltz 60 1 2 2
2 Madison Bowey Dylan DeMelo 40 1 2 2
Penalty Kill - 3 Players Forward
Forward Time % Phy DF OF
1 Zack Hamill 60 1 2 2
2 Robbie Earl 40 1 2 2
Penalty Kill - 3 Players Defense
Defense Defense Time % Phy DF OF
1 Slava Voynov Jordan Schmaltz 60 1 2 2
2 Madison Bowey Dylan DeMelo 40 1 2 2
4 vs 4 Forward
Center Wing Time % Phy DF OF
1 Zack Hamill Robbie Earl 60 1 2 2
2 Miikka Salomaki Andreas Athanasiou 40 1 2 2
4 vs 4 Defense
Defense Defense Time % Phy DF OF
1 Slava Voynov Jordan Schmaltz 60 1 2 2
2 Madison Bowey Dylan DeMelo 40 1 2 2
Last Minutes Offensive
Center Left Wing Right Wing Defense Defense
Zack Hamill Robbie Earl Miikka Salomaki Slava Voynov Jordan Schmaltz
Last Minutes Defensive
Center Left Wing Right Wing Defense Defense
Zack Hamill Robbie Earl Miikka Salomaki Slava Voynov Jordan Schmaltz
Goaltenders
Starting : Louis Domingue
Backup : Daniel Altshuller
Extra Forwards
Normal : Alex Schoenborn, Nikita Gusev, John Quenneville - PP : Alex Schoenborn, Nikita Gusev - PK : John Quenneville
Extra Defensemen
Normal : Ben Betker, Dylan DeMelo, Slava Voynov - PP : Ben Betker - PK : Dylan DeMelo, Slava Voynov
Penalty Shots
Zack Hamill, Robbie Earl, Miikka Salomaki, Andreas Athanasiou, Carter Ashton
Scratches
Radek Faksa (Healthy), Adam Pelech (Healthy), Garret Ross (Healthy)
% Time on Ice - Demolitions
Lines # - Real PCT - Wanted PCT - Time Play
Normal Forward
1 - 44% - 50% - 17:15
2 - 27% - 33% - 10:28
3 - 15% - 12% - 5:46
4 - 15% - 5% - 5:50
Normal Defense
1 - 45% - 40% - 17:48
2 - 32% - 30% - 12:30
3 - 21% - 20% - 8:16
4 - 2% - 10% - 0:45
PP Forward
1 - 56% - 60% - 2:32
2 - 44% - 40% - 2:00
PP Defense
1 - 64% - 60% - 2:54
2 - 36% - 40% - 1:38
PK Forward
1 - 65% - 60% - 9:26
2 - 35% - 40% - 5:06
PK Defense
1 - 60% - 60% - 8:42
2 - 40% - 40% - 5:50
PK3 Forward
1 - 100% - 60% - 1:37
2 - 0% - 40% - 0:00
PK3 Defense
1 - 54% - 60% - 0:52
2 - 46% - 40% - 0:45
44 Forward
1 - 100% - 60% - 0:56
2 - 0% - 40% - 0:00
44 Defense
1 - 100% - 60% - 0:56
2 - 0% - 40% - 0:00
Last Minute Offensive - 0:00
Last Minute Defensive - 0:00
Total
Forward - 60:56
Defense - 60:56
|
% Time on Ice - Punishers
Lines # - Real PCT - Wanted PCT - Time Play
Normal Forward
1 - 33% - 40% - 13:08
2 - 26% - 30% - 10:23
3 - 24% - 20% - 9:36
4 - 16% - 10% - 6:12
Normal Defense
1 - 39% - 40% - 15:16
2 - 37% - 30% - 14:23
3 - 19% - 20% - 7:23
4 - 6% - 10% - 2:17
PP Forward
1 - 57% - 60% - 9:09
2 - 43% - 40% - 7:00
PP Defense
1 - 65% - 60% - 10:29
2 - 35% - 40% - 5:40
PK Forward
1 - 79% - 60% - 3:36
2 - 21% - 40% - 0:56
PK Defense
1 - 67% - 60% - 3:02
2 - 33% - 40% - 1:30
PK3 Forward
1 - 0% - 60%
2 - 0% - 40%
PK3 Defense
1 - 0% - 60%
2 - 0% - 40%
44 Forward
1 - 100% - 60% - 0:56
2 - 0% - 40% - 0:00
44 Defense
1 - 100% - 60% - 0:56
2 - 0% - 40% - 0:00
Last Minute Offensive - 0:00
Last Minute Defensive - 0:00
Total
Forward - 60:56
Defense - 60:56
|
Play-by-Play
1st period
0:01 of 1st period - Zack Hamill wins face-off versus Andrej Nestrasil in neutral zone.
0:35 of 1st period - Snap shot by Colton Gillies.
0:35 of 1st period - Shot Misses the Net.
0:38 of 1st period - Icing by Jordan Schmaltz.
0:39 of 1st period - Phil McRae wins face-off versus Andreas Athanasiou in Punishers zone.
1:26 of 1st period - John Macfarland is hit by Lane MacDermid and loses puck.
1:45 of 1st period - Jake Muzzin is hit by Dylan DeMelo and loses puck.
2:00 of 1st period - Minor Penalty to Jake Muzzin for Tripping.
2:01 of 1st period - Zack Hamill wins face-off versus Spencer Machacek in Demolitions zone.
2:26 of 1st period - Tyler Bertuzzi is hit by Jonathan Blum and loses puck.
2:37 of 1st period - Lane MacDermid is hit by Andreas Athanasiou and loses puck.
2:48 of 1st period - Miikka Salomaki is hit by Darren Helm and loses puck.
4:00 of 1st period - Penalty to Jake Muzzin is over, Jake Muzzin is back on ice.
4:17 of 1st period - Icing by Jordan Schmaltz.
4:18 of 1st period - John Quenneville wins face-off versus Mitch Callahan in Punishers zone.
4:29 of 1st period - Dylan DeMelo is hit by Mitch Callahan and loses puck.
4:38 of 1st period - Cameron Schilling is hit by Austen Brassard and loses puck.
4:45 of 1st period - Slapshot by Slava Voynov.
4:45 of 1st period - Shot Blocked by Alex Hutchings.
4:47 of 1st period - Slapshot by Madison Bowey.
4:47 of 1st period - Shot Blocked by Alex Hutchings.
4:49 of 1st period - Snap shot by Slava Voynov.
4:49 of 1st period - Shot Blocked by Cameron Schilling.
4:51 of 1st period - Slapshot by Madison Bowey.
4:51 of 1st period - Shot Misses the Net.
5:10 of 1st period - Wrist shot by Nikita Gusev.
5:10 of 1st period - Stopped by Brandon Halverson with a rebound.
5:26 of 1st period - Wrist shot by John Quenneville.
5:26 of 1st period - Shot Blocked by Nikita Tryamkin.
5:28 of 1st period - Wrist shot by Ben Betker.
5:28 of 1st period - Deflect By John Quenneville.
5:28 of 1st period - Shot Misses the Net.
5:28 of 1st period - Puck is out of play.
5:29 of 1st period - Zack Hamill wins face-off versus Andrej Nestrasil in Demolitions zone.
5:37 of 1st period - Wrist shot by Robbie Earl.
5:37 of 1st period - Stopped by Brandon Halverson without a rebound.
5:38 of 1st period - Andrej Nestrasil wins face-off versus Zack Hamill in Demolitions zone.
5:40 of 1st period - Minor Penalty to Spencer Machacek for Diving.
5:41 of 1st period - Phil Di Giuseppe wins face-off versus Zack Hamill in Demolitions zone.
6:24 of 1st period - Snap shot by Andreas Athanasiou.
6:24 of 1st period - Stopped by Brandon Halverson without a rebound.
6:25 of 1st period - Phil Di Giuseppe wins face-off versus Andreas Athanasiou in Demolitions zone.
6:30 of 1st period - Snap shot by Darren Helm.
6:30 of 1st period - Shot Misses the Net.
6:37 of 1st period - Off-side.
6:38 of 1st period - Phil Di Giuseppe wins face-off versus Zack Hamill in neutral zone.
6:49 of 1st period - Snap shot by Phil Di Giuseppe.
6:49 of 1st period - Stopped by Louis Domingue without a rebound.
6:50 of 1st period - Zack Hamill wins face-off versus Darren Helm in Punishers zone.
6:50 of 1st period - Zack Hamill is hit by Darren Helm.
6:56 of 1st period - Slava Voynov is hit by Jonathan Blum and loses puck.
7:07 of 1st period - Slava Voynov is hit by Jonathan Blum and loses puck.
7:28 of 1st period - Wrist shot by Jordan Schmaltz.
7:28 of 1st period - Deflect By J.T. Brown.
7:28 of 1st period - Stopped by Brandon Halverson with a rebound.
7:40 of 1st period - Penalty to Spencer Machacek is over, Spencer Machacek is back on ice.
8:12 of 1st period - Slapshot by Nikita Gusev.
8:12 of 1st period - Stopped by Brandon Halverson with a rebound.
8:20 of 1st period - Madison Bowey is hit by Andrej Nestrasil and loses puck.
8:39 of 1st period - Snap shot by Miikka Salomaki.
8:39 of 1st period - Stopped by Brandon Halverson with a rebound.
8:41 of 1st period - Snap shot by Robbie Earl.
8:41 of 1st period - Goal by Robbie Earl - Demolitions : 0 - Punishers : 1.
8:42 of 1st period - Zack Hamill wins face-off versus Andrej Nestrasil in neutral zone.
9:11 of 1st period - Slapshot by Spencer Machacek.
9:11 of 1st period - Stopped by Louis Domingue with a rebound.
9:55 of 1st period - Slapshot by Madison Bowey.
9:55 of 1st period - Stopped by Brandon Halverson without a rebound.
9:56 of 1st period - Andrej Nestrasil wins face-off versus Daniel Audette in Demolitions zone.
10:07 of 1st period - Slapshot by Madison Bowey.
10:07 of 1st period - Stopped by Brandon Halverson without a rebound.
10:08 of 1st period - Zack Hamill wins face-off versus Andrej Nestrasil in Demolitions zone.
10:11 of 1st period - Snap shot by Zack Hamill.
10:11 of 1st period - Stopped by Brandon Halverson without a rebound.
10:12 of 1st period - Zack Hamill wins face-off versus Andrej Nestrasil in Demolitions zone.
10:37 of 1st period - Snap shot by Lane MacDermid.
10:37 of 1st period - Shot Blocked by Dylan DeMelo.
10:39 of 1st period - Snap shot by Lane MacDermid.
10:39 of 1st period - Shot Blocked by Andreas Athanasiou.
10:41 of 1st period - Slapshot by Cameron Schilling.
10:41 of 1st period - Shot Misses the Net.
10:43 of 1st period - Snap shot by J.T. Brown.
10:43 of 1st period - Shot Misses the Net.
10:45 of 1st period - Wrist shot by Colton Gillies.
10:45 of 1st period - Stopped by Louis Domingue with a rebound.
10:47 of 1st period - Snap shot by Colton Gillies.
10:47 of 1st period - Stopped by Louis Domingue without a rebound.
10:48 of 1st period - Zack Hamill wins face-off versus Andrej Nestrasil in Punishers zone.
10:48 of 1st period - Zack Hamill is hit by Robert Bortuzzo.
11:04 of 1st period - Robbie Earl is hit by Darren Helm and loses puck.
11:15 of 1st period - Slava Voynov is hit by Lane MacDermid and loses puck.
11:22 of 1st period - Lane MacDermid is hit by Tyler Bertuzzi and loses puck.
11:35 of 1st period - Snap shot by Dylan DeMelo.
11:35 of 1st period - Deflect By Michael Joly.
11:35 of 1st period - Shot Misses the Net.
11:35 of 1st period - Puck is out of play.
11:36 of 1st period - Daniel Audette wins face-off versus Phil McRae in Demolitions zone.
11:36 of 1st period - Daniel Audette is hit by Phil McRae.
11:44 of 1st period - Snap shot by John Macfarland.
11:44 of 1st period - Shot Misses the Net.
11:46 of 1st period - Minor Penalty to Phil Di Giuseppe for High sticking.
11:47 of 1st period - Zack Hamill wins face-off versus Spencer Machacek in Demolitions zone.
12:22 of 1st period - Slapshot by Slava Voynov.
12:22 of 1st period - Shot Hit the Post.
12:43 of 1st period - Icing by Dylan DeMelo.
12:44 of 1st period - Zack Hamill wins face-off versus J.T. Brown in Punishers zone.
13:11 of 1st period - Slapshot by Tyler Bertuzzi.
13:11 of 1st period - Shot Blocked by Darren Helm.
13:13 of 1st period - Wrist shot by Andreas Athanasiou.
13:13 of 1st period - Deflect By Tyler Bertuzzi.
13:13 of 1st period - Shot Misses the Net.
13:13 of 1st period - Puck is out of play.
13:14 of 1st period - Andreas Athanasiou wins face-off versus Spencer Machacek in Demolitions zone.
13:25 of 1st period - Wrist shot by Tyler Bertuzzi.
13:25 of 1st period - Shot Blocked by Nikita Tryamkin.
13:46 of 1st period - Penalty to Phil Di Giuseppe is over, Phil Di Giuseppe is back on ice.
14:24 of 1st period - Lane MacDermid is hit by Slava Voynov and loses puck.
14:38 of 1st period - Nikita Tryamkin is hit by Tyler Bertuzzi and loses puck.
14:41 of 1st period - Backhand shot by Jake Muzzin.
14:41 of 1st period - Shot Blocked by Jordan Schmaltz.
14:43 of 1st period - Wrist shot by Alex Hutchings.
14:43 of 1st period - Stopped by Louis Domingue without a rebound.
14:44 of 1st period - Nick Shore wins face-off versus Zack Hamill in Punishers zone.
14:45 of 1st period - Slapshot by Jonathan Blum.
14:45 of 1st period - Stopped by Louis Domingue without a rebound.
14:46 of 1st period - Andrej Nestrasil wins face-off versus Zack Hamill in Punishers zone.
14:55 of 1st period - Backhand shot by Andrej Nestrasil.
14:55 of 1st period - Shot Misses the Net.
15:11 of 1st period - Slava Voynov is hit by Jonathan Blum and loses puck.
15:19 of 1st period - Off-side.
15:20 of 1st period - Zack Hamill wins face-off versus Colton Gillies in neutral zone.
16:07 of 1st period - Slapshot by Slava Voynov.
16:07 of 1st period - Stopped by Brandon Halverson with a rebound.
16:09 of 1st period - Wrist shot by Daniel Audette.
16:09 of 1st period - Stopped by Brandon Halverson with a rebound.
17:10 of 1st period - Minor Penalty to Nick Shore for Diving.
17:11 of 1st period - Spencer Machacek wins face-off versus Miikka Salomaki in Demolitions zone.
17:40 of 1st period - Slapshot by Tyler Bertuzzi.
17:40 of 1st period - Shot Blocked by J.T. Brown.
18:06 of 1st period - Lane MacDermid is hit by Tyler Bertuzzi and loses puck.
19:10 of 1st period - Penalty to Nick Shore is over, Nick Shore is back on ice.
19:43 of 1st period - Jake Muzzin is hit by Austen Brassard and loses puck.
Goals for this period are 0 for Demolitions vs 1 for Punishers.
Shots for this period are 6 for Demolitions vs 12 for Punishers.
2nd period
0:01 of 2nd period - Andrej Nestrasil wins face-off versus Zack Hamill in neutral zone.
0:04 of 2nd period - Miikka Salomaki is hit by Spencer Machacek and loses puck.
0:46 of 2nd period - Slapshot by Dylan DeMelo.
0:46 of 2nd period - Stopped by Brandon Halverson with a rebound.
0:54 of 2nd period - Slapshot by Jonathan Blum.
0:54 of 2nd period - Stopped by Louis Domingue without a rebound.
0:55 of 2nd period - Andrej Nestrasil wins face-off versus Zack Hamill in Punishers zone.
1:03 of 2nd period - Minor Penalty to Miikka Salomaki for Unsportsmanlike conduct.
1:04 of 2nd period - Zack Hamill wins face-off versus Andrej Nestrasil in Punishers zone.
1:04 of 2nd period - Zack Hamill is hit by Darren Helm.
1:29 of 2nd period - Robbie Earl is hit by J.T. Brown and loses puck.
1:48 of 2nd period - Spencer Machacek is hit by Slava Voynov and loses puck.
3:03 of 2nd period - Penalty to Miikka Salomaki is over, Miikka Salomaki is back on ice.
3:06 of 2nd period - Icing by Zack Hamill.
3:07 of 2nd period - Phil McRae wins face-off versus Nikita Gusev in Punishers zone.
3:08 of 2nd period - Slapshot by Jonathan Blum.
3:08 of 2nd period - Deflect By Phil Di Giuseppe.
3:08 of 2nd period - Stopped by Louis Domingue with a rebound.
3:10 of 2nd period - Wrist shot by Phil Di Giuseppe.
3:10 of 2nd period - Shot Blocked by Ben Betker.
3:12 of 2nd period - Wrist shot by Jared Staal.
3:12 of 2nd period - Shot Misses the Net.
3:14 of 2nd period - Snap shot by Phil McRae.
3:14 of 2nd period - Goal by Phil McRae - Demolitions : 1 - Punishers : 1.
3:15 of 2nd period - Robbie Earl wins face-off versus Andrej Nestrasil in neutral zone.
3:19 of 2nd period - Slava Voynov is hit by Cameron Schilling and loses puck.
3:40 of 2nd period - Colton Gillies is hit by Tyler Bertuzzi and loses puck.
3:45 of 2nd period - Snap shot by Andreas Athanasiou.
3:45 of 2nd period - Goal by Andreas Athanasiou - Demolitions : 1 - Punishers : 2.
3:46 of 2nd period - Spencer Machacek wins face-off versus Zack Hamill in neutral zone.
3:49 of 2nd period - Jordan Schmaltz is hit by Jonathan Blum.
3:53 of 2nd period - Slava Voynov is hit by Andrej Nestrasil and loses puck.
4:56 of 2nd period - Wrist shot by Alex Hutchings.
4:56 of 2nd period - Stopped by Louis Domingue without a rebound.
4:57 of 2nd period - Zack Hamill wins face-off versus Nick Shore in Punishers zone.
4:57 of 2nd period - Zack Hamill is hit by Jake Muzzin.
5:16 of 2nd period - Minor Penalty to Nick Shore for High sticking.
5:17 of 2nd period - Zack Hamill wins face-off versus Spencer Machacek in Demolitions zone.
5:17 of 2nd period - Snap shot by Robbie Earl.
5:17 of 2nd period - Stopped by Brandon Halverson with a rebound.
5:38 of 2nd period - Minor Penalty to Spencer Machacek for Roughing.
5:39 of 2nd period - Zack Hamill wins face-off versus Phil Di Giuseppe in Demolitions zone.
5:42 of 2nd period - Slapshot by Miikka Salomaki.
5:42 of 2nd period - Shot Misses the Net.
7:01 of 2nd period - Icing by Miikka Salomaki.
7:02 of 2nd period - Phil Di Giuseppe wins face-off versus Zack Hamill in Punishers zone.
7:03 of 2nd period - Slapshot by Jake Muzzin.
7:03 of 2nd period - Stopped by Louis Domingue with a rebound.
7:06 of 2nd period - Icing by Dylan DeMelo.
7:07 of 2nd period - Zack Hamill wins face-off versus Phil Di Giuseppe in Punishers zone.
7:16 of 2nd period - Penalty to Nick Shore is over, Nick Shore is back on ice.
7:32 of 2nd period - Slapshot by Dylan DeMelo.
7:32 of 2nd period - Stopped by Brandon Halverson without a rebound.
7:33 of 2nd period - Andreas Athanasiou wins face-off versus Phil Di Giuseppe in Demolitions zone.
7:38 of 2nd period - Penalty to Spencer Machacek is over, Spencer Machacek is back on ice.
7:48 of 2nd period - Wrist shot by Andreas Athanasiou.
7:48 of 2nd period - Shot Misses the Net.
8:00 of 2nd period - Wrist shot by Jonathan Blum.
8:00 of 2nd period - Shot Blocked by Slava Voynov.
8:18 of 2nd period - Slapshot by Jonathan Blum.
8:18 of 2nd period - Stopped by Louis Domingue without a rebound.
8:19 of 2nd period - Nick Shore wins face-off versus Zack Hamill in Punishers zone.
8:19 of 2nd period - Nikita Tryamkin is hit by Dylan DeMelo and loses puck.
9:11 of 2nd period - Backhand shot by Spencer Machacek.
9:11 of 2nd period - Shot Misses the Net.
9:13 of 2nd period - Slapshot by Nikita Tryamkin.
9:13 of 2nd period - Shot Blocked by Jordan Schmaltz.
9:15 of 2nd period - Wrist shot by Darren Helm.
9:15 of 2nd period - Stopped by Louis Domingue with a rebound.
9:17 of 2nd period - Wrist shot by Nikita Tryamkin.
9:17 of 2nd period - Stopped by Louis Domingue with a rebound.
9:19 of 2nd period - Slapshot by Jake Muzzin.
9:19 of 2nd period - Shot Blocked by Jordan Schmaltz.
9:21 of 2nd period - Wrist shot by Andrej Nestrasil.
9:21 of 2nd period - Shot Misses the Net.
9:23 of 2nd period - Slapshot by Nikita Tryamkin.
9:23 of 2nd period - Shot Misses the Net.
9:25 of 2nd period - Backhand shot by Jake Muzzin.
9:25 of 2nd period - Deflect By Jordan Schmaltz.
9:25 of 2nd period - Stopped by Louis Domingue with a rebound.
9:27 of 2nd period - Wrist shot by Spencer Machacek.
9:27 of 2nd period - Goal by Spencer Machacek - Demolitions : 2 - Punishers : 2.
9:28 of 2nd period - Zack Hamill wins face-off versus Colton Gillies in neutral zone.
9:38 of 2nd period - Off-side.
9:39 of 2nd period - Zack Hamill wins face-off versus Andrej Nestrasil in neutral zone.
9:41 of 2nd period - Off-side.
9:42 of 2nd period - Zack Hamill wins face-off versus Andrej Nestrasil in neutral zone.
9:47 of 2nd period - Slapshot by Zack Hamill.
9:47 of 2nd period - Shot Misses the Net.
9:49 of 2nd period - Wrist shot by Robbie Earl.
9:49 of 2nd period - Shot Misses the Net.
9:51 of 2nd period - Slapshot by Jordan Schmaltz.
9:51 of 2nd period - Stopped by Brandon Halverson without a rebound.
9:52 of 2nd period - Zack Hamill wins face-off versus Spencer Machacek in Demolitions zone.
9:55 of 2nd period - Snap shot by Miikka Salomaki.
9:55 of 2nd period - Deflect By Cameron Schilling.
9:55 of 2nd period - Shot Blocked by Cameron Schilling.
9:55 of 2nd period - Puck is out of play.
9:56 of 2nd period - Zack Hamill wins face-off versus Andrej Nestrasil in Demolitions zone.
9:59 of 2nd period - Snap shot by Zack Hamill.
9:59 of 2nd period - Stopped by Brandon Halverson without a rebound.
10:00 of 2nd period - Robbie Earl wins face-off versus Andrej Nestrasil in Demolitions zone.
10:03 of 2nd period - Snap shot by Zack Hamill.
10:03 of 2nd period - Stopped by Brandon Halverson with a rebound.
10:11 of 2nd period - Wrist shot by Cameron Schilling.
10:11 of 2nd period - Shot Blocked by Slava Voynov.
10:13 of 2nd period - Wrist shot by Darren Helm.
10:13 of 2nd period - Stopped by Louis Domingue without a rebound.
10:14 of 2nd period - Zack Hamill wins face-off versus Andrej Nestrasil in Punishers zone.
10:48 of 2nd period - Snap shot by Dylan DeMelo.
10:48 of 2nd period - Stopped by Brandon Halverson with a rebound.
10:54 of 2nd period - Minor Penalty to Cameron Schilling for Close Hand On Puck.
10:55 of 2nd period - Miikka Salomaki wins face-off versus Spencer Machacek in Demolitions zone.
12:29 of 2nd period - Jonathan Blum is hit by Robbie Earl and loses puck.
12:46 of 2nd period - Slapshot by Dylan DeMelo.
12:46 of 2nd period - Shot Misses the Net.
12:48 of 2nd period - Slapshot by Madison Bowey.
12:48 of 2nd period - Goal by Madison Bowey - Demolitions : 2 - Punishers : 3.
12:49 of 2nd period - John Quenneville wins face-off versus Colton Gillies in neutral zone.
12:49 of 2nd period - Minor Penalty to Austen Brassard for Interference.
12:50 of 2nd period - Andrej Nestrasil wins face-off versus Zack Hamill in Punishers zone.
12:55 of 2nd period - Snap shot by Spencer Machacek.
12:55 of 2nd period - Stopped by Louis Domingue without a rebound.
12:56 of 2nd period - Andrej Nestrasil wins face-off versus Zack Hamill in Punishers zone.
12:57 of 2nd period - Snap shot by Darren Helm.
12:57 of 2nd period - Stopped by Louis Domingue with a rebound.
13:09 of 2nd period - Backhand shot by Andrej Nestrasil.
13:09 of 2nd period - Shot Misses the Net.
13:29 of 2nd period - Wrist shot by Colton Gillies.
13:29 of 2nd period - Deflect By J.T. Brown.
13:29 of 2nd period - Shot Misses the Net.
13:29 of 2nd period - Puck is out of play.
13:30 of 2nd period - Colton Gillies wins face-off versus Miikka Salomaki in Punishers zone.
14:49 of 2nd period - Penalty to Austen Brassard is over, Austen Brassard is back on ice.
15:03 of 2nd period - Snap shot by Phil Di Giuseppe.
15:03 of 2nd period - Shot Misses the Net.
15:05 of 2nd period - Slapshot by Jared Staal.
15:05 of 2nd period - Stopped by Louis Domingue with a rebound.
16:16 of 2nd period - Snap shot by Phil Di Giuseppe.
16:16 of 2nd period - Shot Blocked by Andreas Athanasiou.
16:30 of 2nd period - Wrist shot by Colton Gillies.
16:30 of 2nd period - Shot Blocked by Ben Betker.
16:38 of 2nd period - Wrist shot by Zack Hamill.
16:38 of 2nd period - Stopped by Brandon Halverson without a rebound.
16:39 of 2nd period - Andrej Nestrasil wins face-off versus Zack Hamill in Demolitions zone.
16:46 of 2nd period - Slapshot by Spencer Machacek.
16:46 of 2nd period - Stopped by Louis Domingue with a rebound.
17:16 of 2nd period - Dylan DeMelo is hit by Spencer Machacek.
17:30 of 2nd period - Snap shot by Andrej Nestrasil.
17:30 of 2nd period - Shot Misses the Net.
17:36 of 2nd period - Nikita Tryamkin is hit by Miikka Salomaki and loses puck.
17:42 of 2nd period - Minor Penalty to Jake Muzzin for Hooking.
17:43 of 2nd period - J.T. Brown wins face-off versus Andreas Athanasiou in Demolitions zone.
19:00 of 2nd period - Off-side.
19:01 of 2nd period - Spencer Machacek wins face-off versus Alex Schoenborn in neutral zone.
19:06 of 2nd period - Slapshot by Cameron Schilling.
19:06 of 2nd period - Stopped by Louis Domingue without a rebound.
19:07 of 2nd period - Zack Hamill wins face-off versus Spencer Machacek in Punishers zone.
19:11 of 2nd period - Icing by Robbie Earl.
19:12 of 2nd period - Miikka Salomaki wins face-off versus Spencer Machacek in Punishers zone.
19:18 of 2nd period - Wrist shot by Miikka Salomaki.
19:18 of 2nd period - Shot Misses the Net.
19:20 of 2nd period - Backhand shot by Miikka Salomaki.
19:20 of 2nd period - Stopped by Brandon Halverson with a rebound.
19:22 of 2nd period - Snap shot by Miikka Salomaki.
19:22 of 2nd period - Deflect By Zack Hamill.
19:22 of 2nd period - Shot Blocked by Jonathan Blum.
19:22 of 2nd period - Puck is out of play.
19:23 of 2nd period - Zack Hamill wins face-off versus Spencer Machacek in Demolitions zone.
19:30 of 2nd period - Slapshot by Zack Hamill.
19:30 of 2nd period - Shot Blocked by Spencer Machacek.
19:42 of 2nd period - Penalty to Jake Muzzin is over, Jake Muzzin is back on ice.
19:50 of 2nd period - Colton Gillies is hit by Tyler Bertuzzi and loses puck.
19:59 of 2nd period - Slapshot by Jonathan Blum.
19:59 of 2nd period - Shot Blocked by Jordan Schmaltz.
Goals for this period are 2 for Demolitions vs 2 for Punishers.
Shots for this period are 16 for Demolitions vs 11 for Punishers.
3rd period
0:01 of 3rd period - Andrej Nestrasil wins face-off versus Zack Hamill in neutral zone.
0:01 of 3rd period - Spencer Machacek is hit by Slava Voynov and loses puck.
0:07 of 3rd period - Minor Penalty to Robbie Earl for Elbowing.
0:08 of 3rd period - Zack Hamill wins face-off versus Andrej Nestrasil in Punishers zone.
0:08 of 3rd period - Zack Hamill is hit by Cameron Schilling.
0:30 of 3rd period - Jordan Schmaltz is hit by Spencer Machacek and loses puck.
0:41 of 3rd period - Snap shot by J.T. Brown.
0:41 of 3rd period - Goal by J.T. Brown - Demolitions : 3 - Punishers : 3.
0:42 of 3rd period - Andrej Nestrasil wins face-off versus Andreas Athanasiou in neutral zone.
0:45 of 3rd period - Tyler Bertuzzi is hit by Cameron Schilling and loses puck.
0:50 of 3rd period - Snap shot by Spencer Machacek.
0:50 of 3rd period - Deflect By Darren Helm.
0:50 of 3rd period - Shot Blocked by Slava Voynov.
0:50 of 3rd period - Puck is out of play.
0:51 of 3rd period - Andrej Nestrasil wins face-off versus Andreas Athanasiou in Punishers zone.
0:52 of 3rd period - Wrist shot by Spencer Machacek.
0:52 of 3rd period - Deflect By Andrej Nestrasil.
0:52 of 3rd period - Shot Misses the Net.
0:52 of 3rd period - Puck is out of play.
0:53 of 3rd period - Andrej Nestrasil wins face-off versus Robbie Earl in Punishers zone.
0:58 of 3rd period - Wrist shot by Darren Helm.
0:58 of 3rd period - Shot Blocked by Slava Voynov.
1:28 of 3rd period - Snap shot by Phil McRae.
1:28 of 3rd period - Shot Misses the Net.
1:30 of 3rd period - Slapshot by Jake Muzzin.
1:30 of 3rd period - Shot Blocked by Slava Voynov.
1:32 of 3rd period - Snap shot by Jared Staal.
1:32 of 3rd period - Shot Misses the Net.
1:46 of 3rd period - Nikita Tryamkin is hit by Carter Ashton.
2:08 of 3rd period - Snap shot by Nikita Gusev.
2:08 of 3rd period - Shot Blocked by Taylor Aronson.
2:30 of 3rd period - Slapshot by Mitch Callahan.
2:30 of 3rd period - Stopped by Louis Domingue without a rebound.
2:31 of 3rd period - Nick Shore wins face-off versus Daniel Audette in Punishers zone.
2:40 of 3rd period - Slapshot by Nick Shore.
2:40 of 3rd period - Shot Misses the Net.
2:42 of 3rd period - Snap shot by Alex Hutchings.
2:42 of 3rd period - Shot Misses the Net.
2:44 of 3rd period - Slapshot by Cameron Schilling.
2:44 of 3rd period - Shot Blocked by Madison Bowey.
2:46 of 3rd period - Snap shot by Mitch Callahan.
2:46 of 3rd period - Stopped by Louis Domingue without a rebound.
2:47 of 3rd period - Zack Hamill wins face-off versus Andrej Nestrasil in Punishers zone.
3:14 of 3rd period - Cameron Schilling is hit by Dylan DeMelo and loses puck.
3:21 of 3rd period - Wrist shot by Carter Ashton.
3:21 of 3rd period - Stopped by Brandon Halverson with a rebound.
3:27 of 3rd period - Colton Gillies is hit by Carter Ashton and loses puck.
3:46 of 3rd period - J.T. Brown is hit by John Quenneville and loses puck.
4:59 of 3rd period - Taylor Aronson is hit by Jordan Schmaltz and loses puck.
5:36 of 3rd period - Off-side.
5:37 of 3rd period - Phil McRae wins face-off versus Daniel Audette in neutral zone.
5:49 of 3rd period - Off-side.
5:50 of 3rd period - Zack Hamill wins face-off versus Andrej Nestrasil in neutral zone.
6:40 of 3rd period - Jordan Schmaltz is hit by Nikita Tryamkin.
6:48 of 3rd period - Slapshot by Phil McRae.
6:48 of 3rd period - Shot Misses the Net.
7:40 of 3rd period - Icing by Tyler Bertuzzi.
7:41 of 3rd period - Andreas Athanasiou wins face-off versus Colton Gillies in Punishers zone.
8:10 of 3rd period - Wrist shot by J.T. Brown.
8:10 of 3rd period - Shot Blocked by Dylan DeMelo.
8:12 of 3rd period - Wrist shot by J.T. Brown.
8:12 of 3rd period - Shot Misses the Net.
8:14 of 3rd period - Slapshot by Jake Muzzin.
8:14 of 3rd period - Deflect By J.T. Brown.
8:14 of 3rd period - Shot Misses the Net.
8:14 of 3rd period - Puck is out of play.
8:15 of 3rd period - Andrej Nestrasil wins face-off versus Zack Hamill in Punishers zone.
8:18 of 3rd period - Snap shot by Andrej Nestrasil.
8:18 of 3rd period - Stopped by Louis Domingue with a rebound.
8:20 of 3rd period - Slapshot by Jonathan Blum.
8:20 of 3rd period - Stopped by Louis Domingue with a rebound.
8:22 of 3rd period - Slapshot by Darren Helm.
8:22 of 3rd period - Stopped by Louis Domingue without a rebound.
8:23 of 3rd period - Zack Hamill wins face-off versus Andrej Nestrasil in Punishers zone.
8:51 of 3rd period - Snap shot by Spencer Machacek.
8:51 of 3rd period - Shot Misses the Net.
8:53 of 3rd period - Slapshot by Andrej Nestrasil.
8:53 of 3rd period - Shot Misses the Net.
9:20 of 3rd period - Icing by Darren Helm.
9:21 of 3rd period - Andreas Athanasiou wins face-off versus Andrej Nestrasil in Demolitions zone.
9:24 of 3rd period - Wrist shot by Tyler Bertuzzi.
9:24 of 3rd period - Shot Blocked by Darren Helm.
9:47 of 3rd period - Wrist shot by Darren Helm.
9:47 of 3rd period - Stopped by Louis Domingue with a rebound.
10:31 of 3rd period - Minor Penalty to Spencer Machacek for Holding.
10:32 of 3rd period - Zack Hamill wins face-off versus J.T. Brown in Demolitions zone.
12:31 of 3rd period - Penalty to Spencer Machacek is over, Spencer Machacek is back on ice.
12:47 of 3rd period - Jared Staal is hit by Nikita Gusev and loses puck.
13:11 of 3rd period - Icing by Michael Joly.
13:12 of 3rd period - Daniel Audette wins face-off versus Colton Gillies in Punishers zone.
13:56 of 3rd period - Icing by Darren Helm.
13:57 of 3rd period - Andrej Nestrasil wins face-off versus Andreas Athanasiou in Demolitions zone.
14:28 of 3rd period - Slapshot by J.T. Brown.
14:28 of 3rd period - Stopped by Louis Domingue with a rebound.
14:44 of 3rd period - John Quenneville is hit by Cameron Schilling and loses puck.
15:16 of 3rd period - Off-side.
15:17 of 3rd period - Andrej Nestrasil wins face-off versus Andreas Athanasiou in neutral zone.
15:26 of 3rd period - Snap shot by Darren Helm.
15:26 of 3rd period - Stopped by Louis Domingue with a rebound.
15:57 of 3rd period - Nikita Tryamkin is hit by Robbie Earl.
16:12 of 3rd period - Wrist shot by Robert Bortuzzo.
16:12 of 3rd period - Stopped by Louis Domingue with a rebound.
16:14 of 3rd period - Snap shot by Nick Shore.
16:14 of 3rd period - Stopped by Louis Domingue without a rebound.
16:15 of 3rd period - Andrej Nestrasil wins face-off versus John Quenneville in Punishers zone.
17:04 of 3rd period - Carter Ashton is hit by Lane MacDermid and loses puck.
17:17 of 3rd period - Snap shot by Andrej Nestrasil.
17:17 of 3rd period - Shot Blocked by Slava Voynov.
17:35 of 3rd period - Icing by J.T. Brown.
17:36 of 3rd period - Colton Gillies wins face-off versus John Quenneville in Demolitions zone.
18:02 of 3rd period - Jared Staal is hit by Miikka Salomaki and loses puck.
18:20 of 3rd period - Off-side.
18:21 of 3rd period - Andreas Athanasiou wins face-off versus Andrej Nestrasil in neutral zone.
18:46 of 3rd period - Tyler Bertuzzi is hit by Darren Helm and loses puck.
19:22 of 3rd period - Wrist shot by Carter Ashton.
19:22 of 3rd period - Stopped by Brandon Halverson without a rebound.
19:23 of 3rd period - John Quenneville wins face-off versus Phil Di Giuseppe in Demolitions zone.
19:34 of 3rd period - Backhand shot by Phil McRae.
19:34 of 3rd period - Stopped by Louis Domingue with a rebound.
19:36 of 3rd period - Snap shot by Phil McRae.
19:36 of 3rd period - Stopped by Louis Domingue without a rebound.
19:37 of 3rd period - Andrej Nestrasil wins face-off versus Andreas Athanasiou in Punishers zone.
19:46 of 3rd period - Andrej Nestrasil is hit by Austen Brassard.
Goals for this period are 1 for Demolitions vs 0 for Punishers.
Shots for this period are 13 for Demolitions vs 2 for Punishers.
Overtime #1
0:01 of 1st overtime period - Spencer Machacek wins face-off versus Zack Hamill in neutral zone.
0:12 of 1st overtime period - Snap shot by Spencer Machacek.
0:12 of 1st overtime period - Shot Misses the Net.
0:14 of 1st overtime period - Snap shot by Darren Helm.
0:14 of 1st overtime period - Shot Blocked by Slava Voynov.
0:16 of 1st overtime period - Wrist shot by Spencer Machacek.
0:16 of 1st overtime period - Deflect By Darren Helm.
0:16 of 1st overtime period - Stopped by Louis Domingue without a rebound.
0:17 of 1st overtime period - Zack Hamill wins face-off versus Spencer Machacek in Punishers zone.
0:24 of 1st overtime period - Snap shot by Zack Hamill.
0:24 of 1st overtime period - Deflect By Cameron Schilling.
0:24 of 1st overtime period - Stopped by Brandon Halverson without a rebound.
0:25 of 1st overtime period - Zack Hamill wins face-off versus Spencer Machacek in Demolitions zone.
0:28 of 1st overtime period - Snap shot by Zack Hamill.
0:28 of 1st overtime period - Shot Blocked by Jonathan Blum.
0:47 of 1st overtime period - Jordan Schmaltz is hit by Cameron Schilling and loses puck.
0:54 of 1st overtime period - Snap shot by Darren Helm.
0:54 of 1st overtime period - Shot Misses the Net.
0:56 of 1st overtime period - Slapshot by Cameron Schilling.
0:56 of 1st overtime period - Goal by Cameron Schilling - Demolitions : 4 - Punishers : 3.
Goals for this period are 1 for Demolitions vs 0 for Punishers.
Shots for this period are 2 for Demolitions vs 1 for Punishers.
Back to the Top